AoeStats
← savvas1987

Nomad

509614708Analyzed
3v3 RM · 4d ago on Sep 27, 2026· 64m 10s· 6 players
Game mode
Random Map
Map size
210×210
Population
200
Speed
Normal
Resources
Standard
Victory
Conquest
Starting age
Dark Age
Ending age
Imperial Age
RankedLock teamsTeams togetherTeam positionsShared explorationLock speedFull tech treeHidden civsTurbo modeCheats
Victory
Defeat
🇬🇷 Bohemians · Greece
652
+13
🇮🇹 Celts · Italy
624
+14
🇦🇺 Danes · Australia
532
+18
🇦🇷 Varangians · Argentina
765
-23
🇩🇪 Vietnamese · Germany
509
-16
🇩🇪 Chinese · Germany
464
-10
SirPresident765
7:22 Loom
19:51 Feudal Age
20:44 Double-Bit Axe
20:47 Horse Collar
23:06 Wheelbarrow
37:30 Town Watch
37:52 Fletching
38:14 Forging
44:29 Castle Age
45:23 Hand Cart
53:15 Town Patrol
56:17 Ballistics
55:46 Fishing Lines
57:18 Bow Saw
58:09 Masonry
57:59 Murder Holes
57:47 Pikeman
58:13 Arson
61:15 Heavy Plow
61:19 Stone Mining
61:20 Gold Mining
65:44 Imperial Age
64:30 Husbandry
ToveLo
19:21 Feudal Age
20:02 Double-Bit Axe
20:02 Fishing Lines
27:23 Castle Age
26:05 Stone Mining
28:45 Stone Shaft Mining
28:23 Bow Saw
28:30 Squires
28:19 Gambesons
29:14 Wheelbarrow
29:17 Arson
32:47 Horse Collar
36:49 Imperial Age
36:00 Scale Mail Armor
36:10 Forging
36:46 Hand Cart
37:06 Hamask
38:03 Elite Varangian Guard
40:04 Hamask
42:18 Conscription
44:39 Chain Mail Armor
44:59 Iron Casting
44:34 Gold Mining
44:52 Gillnets
46:40 Heavy Plow
48:46 Plate Mail Armor
48:52 Iron Casting
48:55 Gold Shaft Mining
49:21 Town Watch
49:03 Northmen's Fury
50:56 Elite Jomsviking
53:36 Blast Furnace
52:38 Fletching
56:56 Bodkin Arrow
63:30 Bracer
savvas1987
20:40 Feudal Age
25:20 Castle Age
31:57 Chemistry
35:28 Imperial Age
39:36 Elite Hussite Wagon
62:16 Elite Cannon Galleon
sergej.sajaz
8:30 Loom
17:33 Feudal Age
18:13 Man-at-Arms
19:39 Double-Bit Axe
19:27 Man-at-Arms
26:47 Gold Mining
31:37 Castle Age
33:13 Fishing Lines
32:59 Crossbowman
33:02 Long Swordsman
47:46 Imperial Age
Tradermots
9:30 Loom
15:07 Feudal Age
17:04 Bloodlines
18:48 Bloodlines
23:57 Wheelbarrow
23:21 Fishing Lines
27:54 Castle Age
33:56 Imperial Age
33:25 Gillnets
35:37 Hand Cart
42:38 Conscription
41:39 Vendel Legacy
43:09 Cavalier
46:35 Forging
46:30 Scale Barding Armor
50:20 Iron Casting
50:05 Chain Barding Armor
54:09 Blast Furnace
53:44 Plate Barding Armor
61:57 Heavy Scorpion
A.K.47
8:36 Loom
18:57 Feudal Age
20:20 Wheelbarrow
19:28 Horse Collar
19:41 Gold Mining
19:47 Stone Mining
19:45 Fishing Lines
22:06 Double-Bit Axe
28:36 Castle Age
26:59 Fletching
27:57 Padded Archer Armor
29:35 Forging
29:52 Hand Cart
29:30 Gillnets
29:38 Bodkin Arrow
29:45 Heavy Plow
31:09 Town Watch
33:10 Ballistics
32:47 Murder Holes
33:32 Clinker Construction
33:57 Fortified Wall
37:54 Imperial Age
36:14 Squires
37:04 Man-at-Arms
38:41 Bracer
44:57 Iron Casting
44:26 Elite Rattan Archer
45:31 Paper Money
46:40 Scale Mail Armor
47:01 Leather Archer Armor
53:14 Elite Skirmisher
55:09 Town Patrol
57:03 Ring Archer Armor
56:40 Caravan
56:13 Elite Battle Elephant
57:02 Husbandry
56:56 Imperial Skirmisher
Connection lost

Rejoining the realm…

Still unreachable

The connection could not be restored.

Session expired

The server has moved on; the page needs a fresh start.